 Dungeon Sprint DCSS version 0.19.1-1-g22dce08 (webtiles) character file.

12268 dvd the Bludgeoner (level 11, -3/122 (123) HPs)
             Began as a Troll Berserker on Jan 6, 2017.
             Was the Champion of Trog.
             Succumbed to poison (dark miasma)
             ... in the Dungeon (Sprint III: "The Ten Rune Challenge").
             The game lasted 00:15:24 (2094 turns).

dvd the Bludgeoner (Troll Berserker)                Turns: 2094, Time: 00:15:24

HP:   -3/122 (123)  AC:  5    Str: 27    XL:     11   Next: 60%
MP:   10/10         EV: 17    Int:  3    God:    Trog [******]
Gold: 2877          SH:  0    Dex: 15    Spells: 0 memorised, 10 levels left

rFire  . . .     SeeInvis .     a - +7 giant spiked club "Olegapug" {freeze, rElec MR+ Dex+3}
rCold  . . .     Gourm    +     b - +0 animal skin
rNeg   . . .     Faith    .     (shield currently unavailable)
rPois  .         Spirit   .     (helmet restricted)
rElec  +         Reflect  .     (no cloak)
rCorr  .         Harm     .     (gloves unavailable)
MR     +....     NoTele   +     (boots unavailable)
Stlth  ++........               (no amulet)
                                (no ring)
                                (no ring)

@: lethally poisoned (-3 -> -71), slowed, very slow
A: unfitting armour, claws 3, fast metabolism 3, gourmand, regeneration 1,
shaggy fur 1, tough skin 2
a: Berserk, Trog's Hand, Brothers in Arms, Burn Spellbooks, Renounce Religion


You were in the Dungeon.
You worshipped Trog.
Trog was exalted by your worship.
You were full.

You visited 1 branch You collected 2877 gold pieces.

Inventory:

Hand Weapons
 a - the +7 giant spiked club "Olegapug" (weapon) {freeze, rElec MR+ Dex+3}
   (Trog gifted it to you in the Dungeon)

   It has been specially enchanted to freeze those struck by it, causing extra
   injury to most foes and up to half again as much damage against particularly
   susceptible opponents.
   It can also slow down cold-blooded creatures.
   It affects your dexterity (+3).
   It insulates you from electricity.
   It affects your resistance to hostile enchantments.
 j - a +3 falchion of slicing
 k - a +4 antimagic giant club
 n - a +5 triple crossbow of flaming
 r - a +3 antimagic morningstar
 t - a +3 antimagic dire flail
 u - a +4 antimagic giant club
 v - a +1 mace of protection
 x - a +5 flail of holy wrath
 y - a +5 great mace of venom
Missiles
 w - 2 javelins of returning
 z - 3 steel javelins
 A - 4 javelins of penetration (quivered)
 B - 2 silver tomahawks
Armour
 b - a +0 animal skin (worn)
Scrolls
 i - a scroll of blinking
 l - a scroll of holy word
 m - 3 scrolls of identify
Potions
 e - a potion of heal wounds
 f - a potion of haste
 g - 2 potions of magic
 h - a potion of berserk rage
 p - a potion of cure mutation
 q - 2 potions of flight
Comestibles
 c - 2 bread rations
 o - 2 meat rations
 s - 22 royal jellies


   Skills:
 + Level 12.1 Fighting
 + Level 18.2 Maces & Flails
 + Level 3.9 Throwing
 + Level 11.7 Dodging
 + Level 3.2 Stealth


You had 10 spell levels left.
You didn't know any spells.

Dungeon Overview and Level Annotations

Branches:
Dungeon (1/1)

Altars:
Cheibriados
Dithmenos
Elyvilon
Fedhas
Gozag
Hepliaklqana
Kikubaaqudgha
Makhleb
Nemelex Xobeh
Okawaru
Qazlal
Ru
Sif Muna
Trog
Uskayaw
Vehumet
Xom
Yredelemnul
Zin
The Shining One
Beogh
Jiyva
Lugonu

Shops:
D (!:%


Innate Abilities, Weirdness & Mutations

You are too large for most types of armour.
You have claws for hands.
Your metabolism is lightning-fast.
You like to eat raw meat.
Your natural rate of healing is unusually fast.
You are covered in fur. (AC +1)
You have very tough skin. (AC +2)


Message History

Press: ? - help, v - describe, . - travel Toapaheb's Distillery.
Unknown command.
You are engulfed in dark miasma.
You are poisoned.
You feel sick.
You enter the shallow water.
Moving in this stuff is going to be slow.
You are engulfed in dark miasma.
You are more poisoned.
You feel your flesh rotting away!
You feel extremely sick.
You are engulfed in dark miasma.
You are lethally poisoned!
You feel yourself slow down.
* * * LOW HITPOINT WARNING * * *
You feel extremely sick.
You are engulfed in dark miasma.
You are more poisoned.
* * * LOW HITPOINT WARNING * * *
You die...

♣.♣♣ ♣†♣♣
♣..♣ ♣♣.♣♣ ♣
♣♣.♣ .♣
♣♣..♣♣♣♣♣♣≈♣
♣.≈≈.≈§§§§.♣
♣≈≈.≈≈§§§§.♣
♣.♣≈≈@§§§.≈♣
♣♣♣♣♣♣♣♣∩∩∩♣
♣♣♣♣


There were no monsters in sight!

Vanquished Creatures
  Dowan (D)
  Erolcha (D)
  2 death drakes (D)
  A deep elf mage (D)
  2 spiny frogs (D)
  A rime drake (D)
  A komodo dragon (D)
  5 blink frogs (D)
  2 redbacks (D)
  A shadow (D)
  3 wandering mushrooms (D)
  2 hill giants (D)
  A spatial vortex (D)
  A swamp drake (D)
  A necrophage (D)
  3 two-headed ogres (D)
  A water elemental (D)
  24 killer bees (D)
  A jelly (D)
  Jessica (D)
  A wizard (D)
  A necromancer (D)
  3 humans (D)
  A kobold demonologist (D)
  An ooze (D)
  A phantom (D)
  2 rats (D)
65 creatures vanquished.

Vanquished Creatures (collateral kills)
  Rupert (D)
  4 death yaks (D)
  2 black mambas (D)
  Duvessa (D)
  A queen bee (D)
  3 blink frogs (D)
  2 orc warriors (D)
  8 killer bees (D)
  2 orc wizards (D)
  14 orcs (D)
38 creatures vanquished.

Vanquished Creatures (others)
  2 draconian scorchers (D)
  3 yaktaurs (D)
  6 hellions (D)
  2 plants (D)
13 creatures vanquished.

Grand Total: 116 creatures vanquished

Notes
Turn   | Place    | Note
-------+----------+-------------------------------------------
     0 | D        | dvd the Troll Berserker began the quest for the Orb.
     0 | D        | Reached XP level 1. HP: 22/22 MP: 0/0
    15 | D        | Reached skill level 3 in Maces & Flails
    38 | D        | Reached ** piety under Trog
    51 | D        | Noticed Jessica
    66 | D        | Killed Jessica
    66 | D        | Reached skill level 4 in Maces & Flails
    66 | D        | Reached XP level 2. HP: 15/32 MP: 1/1
    66 | D        | Reached XP level 3. HP: 19/39 MP: 2/2
   115 | D        | Killed a hellion
   126 | D        | Killed a hellion
   126 | D        | Killed a hellion
   127 | D        | Killed a hellion
   129 | D        | Killed a hellion
   129 | D        | Killed a hellion
   166 | D        | Killed a white draconian scorcher
   180 | D        | Gained mutation: You are frail. (-10% HP) [potion of mutation]
   180 | D        | Gained mutation: Your spells are a little easier to cast, but a little less powerful. [potion of mutation]
   180 | D        | Gained mutation: Your flesh is cold resistant. (rC+) [potion of mutation]
   181 | D        | Gained mutation: You are agile. (Dex +2) [potion of mutation]
   181 | D        | Gained mutation: Your system is resistant to poisons. (rPois) [potion of mutation]
   181 | D        | Gained mutation: You tend to lose your temper in combat. [potion of mutation]
   182 | D        | Lost mutation: Your system is resistant to poisons. (rPois) [potion of mutation]
   183 | D        | Lost mutation: Your spells are a little easier to cast, but a little less powerful. [potion of cure mutation]
   183 | D        | Lost mutation: You are frail. (-10% HP) [potion of cure mutation]
   183 | D        | Lost mutation: You tend to lose your temper in combat. [potion of cure mutation]
   183 | D        | Lost mutation: Your flesh is cold resistant. (rC+) [potion of cure mutation]
   183 | D        | Lost mutation: You are agile. (Dex +2) [potion of cure mutation]
   225 | D        | Noticed a water elemental
   229 | D        | Killed a water elemental
   229 | D        | Reached *** piety under Trog
   229 | D        | Reached skill level 5 in Fighting
   229 | D        | Reached skill level 6 in Maces & Flails
   229 | D        | Reached XP level 4. HP: 29/50 MP: 3/3
   233 | D        | Killed a white draconian scorcher
   288 | D        | Killed a yaktaur
   290 | D        | Found a radiant altar of Vehumet.
   290 | D        | Found a deep blue altar of Sif Muna.
   290 | D        | Found an ancient bone altar of Kikubaaqudgha.
   290 | D        | Noticed a wizard
   292 | D        | Killed a wizard
   292 | D        | Reached skill level 5 in Dodging
   292 | D        | Reached XP level 5. HP: 57/57 MP: 4/4
   294 | D        | Reached **** piety under Trog
   357 | D        | Found a hide-covered altar of Uskayaw.
   357 | D        | Found a roughly hewn altar of Beogh.
   357 | D        | Found an iron altar of Okawaru.
   357 | D        | Found a bloodstained altar of Trog.
   357 | D        | Noticed a human
   357 | D        | Noticed a human
   364 | D        | Killed a human
   364 | D        | Reached ***** piety under Trog
   364 | D        | Reached skill level 8 in Maces & Flails
   364 | D        | Reached XP level 6. HP: 68/68 MP: 5/5
   371 | D        | Killed a human
   371 | D        | Reached skill level 9 in Maces & Flails
   413 | D        | Found a glowing silver altar of Zin.
   413 | D        | Found a glowing golden altar of the Shining One.
   413 | D        | Found a white marble altar of Elyvilon.
   414 | D        | Noticed a deep elf mage
   423 | D        | Noticed an ice beast
   423 | D        | Killed a deep elf mage
   423 | D        | Reached skill level 10 in Maces & Flails
   423 | D        | Reached XP level 7. HP: 80/80 MP: 6/6
   473 | D        | Found a basalt altar of Yredelemnul.
   473 | D        | Found a shadowy altar of Dithmenos.
   473 | D        | Found a sacrificial altar of Ru.
   479 | D        | Received a gift from Trog
   498 | D        | Noticed a shadow
   509 | D        | Killed a shadow
   509 | D        | Reached skill level 11 in Maces & Flails
   509 | D        | Reached XP level 8. HP: 68/89 MP: 7/7
   513 | D        | Received a gift from Trog
   591 | D        | Found a blossoming altar of Fedhas.
   591 | D        | Found a stormy altar of Qazlal.
   591 | D        | Found a snail-covered altar of Cheibriados.
   591 | D        | Found a burning altar of Makhleb.
   591 | D        | Found a shimmering altar of Xom.
   592 | D        | Found a hazy altar of Hepliaklqana.
   592 | D        | Found an opulent altar of Gozag.
   592 | D        | Found a sparkling altar of Nemelex Xobeh.
   592 | D        | Found a corrupted altar of Lugonu.
   592 | D        | Found a viscous altar of Jiyva.
   705 | D        | Found Vicij's Food Boutique.
   710 | D        | Received a gift from Trog
   717 | D        | Reached ****** piety under Trog
   718 | D        | Received a gift from Trog
   821 | D        | Received a gift from Trog
   821 | D        | Reached skill level 12 in Maces & Flails
   822 | D        | Got a crystal giant spiked club {god gift}
   823 | D        | Identified the +7 giant spiked club "Olegapug" {freeze, rElec MR+ Dex+3} (Trog gifted it to you in the Dungeon)
   844 | D        | Noticed Erolcha
   849 | D        | Killed Erolcha
   849 | D        | Reached skill level 13 in Maces & Flails
   849 | D        | Reached XP level 9. HP: 101/101 MP: 4/8
   850 | D        | Reached skill level 10 in Fighting
   853 | D        | Reached skill level 1 in Stealth
   909 | D        | Noticed a wandering mushroom
   913 | D        | Noticed a wandering mushroom
   915 | D        | Noticed a wandering mushroom
   924 | D        | Received a gift from Trog
  1000 | D        | Noticed a spiny frog
  1000 | D        | Noticed a komodo dragon
  1000 | D        | Noticed a spiny frog
  1003 | D        | Killed a spiny frog
  1003 | D        | Reached skill level 14 in Maces & Flails
  1006 | D        | Killed a spiny frog
  1006 | D        | Reached skill level 10 in Dodging
  1010 | D        | Killed a komodo dragon
  1010 | D        | Reached XP level 10. HP: 111/111 MP: 9/9
  1075 | D        | Received a gift from Trog
  1075 | D        | Reached skill level 15 in Maces & Flails
  1204 | D        | Noticed Rupert
  1206 | D        | Paralysed by Rupert for 5 turns
  1217 | D        | Killed Rupert
  1217 | D        | Received a gift from Trog
  1217 | D        | Reached skill level 16 in Maces & Flails
  1473 | D        | Received a gift from Trog
  1474 | D        | Received a gift from Trog
  1520 | D        | Reached skill level 1 in Throwing
  1643 | D        | Noticed Dowan
  1643 | D        | Noticed Duvessa
  1651 | D        | Killed Dowan
  1651 | D        | Reached skill level 17 in Maces & Flails
  1651 | D        | Reached XP level 11. HP: 50/122 MP: 10/10
  1653 | D        | Killed Duvessa
  1818 | D        | Received a gift from Trog
  1850 | D        | Noticed a death yak
  1851 | D        | Noticed a death yak
  1854 | D        | Noticed a death yak
  1856 | D        | Noticed a death yak
  1860 | D        | Killed a death yak
  1861 | D        | Killed a death yak
  1861 | D        | Received a gift from Trog
  1862 | D        | Killed a death yak
  1866 | D        | Killed a death yak
  1876 | D        | Noticed an azure jelly
  1876 | D        | Noticed an azure jelly
  1876 | D        | Received a gift from Trog
  1877 | D        | Noticed an azure jelly
  1877 | D        | Noticed an azure jelly
  1886 | D        | Received a gift from Trog
  1941 | D        | Noticed a death drake
  1943 | D        | Killed a death drake
  1943 | D        | Reached skill level 18 in Maces & Flails
  2029 | D        | Noticed a death drake
  2040 | D        | Killed a death drake
  2040 | D        | Received a gift from Trog
  2080 | D        | Found Hiugosh's Antique Weapon Shoppe.
  2080 | D        | Found Toapaheb's Distillery.
  2080 | D        | Found Cuisar's Book Emporium.
  2094 | D        | Succumbed to poison (dark miasma)

Skill      XL: |  1  2  3  4  5  6  7  8  9 10 11 |
---------------+----------------------------------+-----
Fighting       | 3 5 6 8 9 10 11 12 | 12.1
Maces & Flails | 4 6 8 10 11 13 14 17 18 | 18.2
Dodging        | 3 4 5 6 7 8 9 10 11 | 11.7
Stealth        | 1 3 |  3.2
Throwing       | 2 3 |  3.9

Action                   |  1- 3 |  4- 6 |  7- 9 | 10-12 || total
-------------------------+-------+-------+-------+-------++-------
Melee: Mace              |    16 |       |       |       ||    16
       Club              |    25 |    22 |    25 |       ||    72
       Morningstar       |       |       |    10 |       ||    10
       Dire flail        |       |       |     7 |       ||     7
       Giant spiked club |       |       |    23 |   110 ||   133
Throw: Javelin           |       |       |       |    16 ||    16
Invok: Berserk           |     2 |     3 |     3 |     2 ||    10
       Trog's Hand       |     1 |       |       |     3 ||     4
       Burn Spellbooks   |       |     1 |       |       ||     1
       Brothers in Arms  |       |       |     1 |     6 ||     7
  Use: Scroll            |     1 |       |     2 |       ||     3
       Potion            |     5 |       |       |     3 ||     8
 Stab: Held in net/web   |       |       |     1 |       ||     1
       Sleeping          |       |       |       |     1 ||     1
  Eat: Chunk             |     5 |     3 |    14 |    15 ||    37
Armor: Animal skin       |     6 |       |     8 |    20 ||    34
Dodge: Dodged            |    16 |     9 |    27 |   145 ||   197
